 Dungeon Crawl Stone Soup version 0.30-a0-738-g116ff8c4af (webtiles) character file.

Game seed: 1633935449486901467

84 porpoise the Shield-Bearer (level 4, -4/37 HPs)
             Began as a Formicid Fighter on Feb 4, 2023.
             Killed by divine providence
             ... invoked by an orc priest
              (16 damage)
             ... on level 3 of the Dungeon.
             The game lasted 00:09:24 (2261 turns).

porpoise the Shield-Bearer (Formicid Fighter)       Turns: 2261, Time: 00:09:24

Health: -4/37      AC:  9    Str: 23    XL:     4   Next: 72%
Magic:  4/4        EV:  9    Int:  7    God:
Gold:   177        SH:  0    Dex: 13    Spells: 3/3 levels left

rFire   . . .      SeeInvis +    a - +0 flail
rCold   . . .      Faith    .    c - +0 buckler
rNeg    + . .      Spirit   .    q - +0 scale mail
rPois   .          Reflect  .    (helmet unavailable)
rElec   .          Harm     .    (no cloak)
rCorr   .          Rampage  .    u - +0 pair of gloves
Will    .....                    n - +0 pair of boots Stlth
                                 (no amulet)
HPRegen 0.26/turn                o - ring of positive energy
MPRegen 0.09/turn                (no ring)

@: confused
A: permanent stasis, dig shafts and tunnels, antennae 3, four strong arms
a: Dig, Shaft Self


You were on level 3 of the Dungeon.
You visited 1 branch of the dungeon, and saw 3 of its levels.

You collected 177 gold pieces.

Inventory:

Hand Weapons
 a - a +0 flail (weapon)
 b - a +0 sling
Missiles
 h - 4 poisoned darts
 i - 4 atropa-tipped darts
Armour
 c - a +0 buckler (worn)
 l - a +0 kite shield
 n - a +0 pair of boots (worn)
 q - a +0 scale mail (worn)
 u - a +0 pair of gloves (worn)
 v - a +2 leather armour of fire resistance
Jewellery
 o - a ring of positive energy (left hand)
Wands
 s - a wand of roots (5)
Scrolls
 f - a scroll of amnesia {unknown}
 g - 2 scrolls of poison
 m - a scroll of enchant armour {unknown}
 r - a scroll of silence {unknown}
 w - a scroll of vulnerability {unknown}
Potions
 d - a potion of might
 j - a potion of invisibility {unknown}
 k - a potion of flight {unknown}
 p - a potion of magic {unknown}
 t - a potion of haste {unknown}


   Skills:
 + Level 4.0 Fighting
 - Level 1.0(2.5) Axes
 * Level 3.7(3.8) Maces & Flails
 - Level 3.2 Armour
 - Level 4.0 Shields


You had 3 spell levels left.
You didn't know any spells.
Your spell library contained the following spells:

 Spells                   Type           Power      Damage    Failure   Level
 Apportation              Tloc           0%         N/A       82%         1
 Necrotise                Necr           0%         1d4       82%         1
 Summon Small Mammal      Summ           0%         N/A       82%         1
 Sublimation of Blood     Necr           0%         N/A       91%         2
 Wereblood                Tmut           0%         N/A       91%         2
 Vampiric Draining        Necr           0%         2d6       99%         3
 Agony                    Necr           0%         N/A       100%        5
 Summon Hydra             Summ           0%         N/A       100%        7


Dungeon Overview and Level Annotations

Branches:
Dungeon (3/15)

Altars:


Innate Abilities, Weirdness & Mutations

You cannot be hasted, slowed, berserked, paralysed or teleported.
You can dig through walls and to a lower floor.
You have a pair of large antennae on your head. (SInv)
Your four strong arms can wield two-handed weapons with a shield.


Message History

You feel better. The orc priest completely misses you.
You barely miss the orc priest. The orc priest completely misses you.
The orc wizard hits you with a +0 dagger.
The orc wizard hits you but does no damage.
You block the orc priest's attack.
You barely miss the orc priest. The orc priest barely misses you.
The orc wizard points at you and mumbles some strange words.
You are confused.
The orc wizard attacks as you move away!
The orc wizard hits you with a +0 dagger.
The orc priest hits you with a +0 falchion.
You barely miss the orc priest.
The orc wizard hits you but does no damage.
The orc priest hits you with a +0 falchion.
You closely miss the orc priest. The orc wizard barely misses you.
The orc priest calls down the wrath of Beogh upon you.
Pain shoots through your body!
You're too confused to move!
The orc priest closely misses you.
The orc wizard hits you with a +0 dagger.
The worm barely misses you.
You closely miss the orc priest.
The orc priest begins to cast a cantrip, but forgets the words!
The orc wizard hits you but does no damage.
The orc wizard hits you but does no damage.
The worm bites you but does no damage.
You closely miss the orc priest.
You feel less confused.
The orc wizard gestures at you while chanting.
You are confused.
The orc priest hits you with a +0 falchion.
The worm barely misses you.
The orc wizard hits you but does no damage.
The orc priest misses you.
The orc priest attacks as you move away!
The orc priest hits you with a +0 falchion.
The orc wizard attacks as you move away!
The orc wizard hits you but does no damage.
The orc priest invokes the aid of Beogh against you.
Beogh smites you!
You die...

.......... .......... { #
##'####### { .## .#.# { {
.... .#.# ...#
.#.###################....#
.#...................)....+
.######............)##....#
.# #.'.........@w..........
.# #.#..........oo..#....##
.# #.#.......<.............
.# #.#..............#######
.####.##############.#
......# #.# ####### #.# #
#.# # ###########.# {


You could see a worm, an orc priest and an orc wizard (invisible).

Vanquished Creatures
  An adder (D:3)
  2 dart slugs
  3 orcs (D:3)
  5 ball pythons
  9 endoplasms
  2 giant cockroaches (D:2)
  4 hobgoblins
  5 jackals
  6 kobolds
  3 quokkas (D:2)
  5 bats
  3 frilled lizards
  7 goblins
  6 rats
61 creatures vanquished.

Vanquished Creatures (others)
  2 plants (D:2)
2 creatures vanquished.

Grand Total: 63 creatures vanquished

Notes
Turn   | Place    | Note
-------+----------+-------------------------------------------
     0 | D:1      | porpoise the Formicid Fighter began the quest for the Orb.
     0 | D:1      | Reached XP level 1. HP: 18/18 MP: 1/1
    57 | D:1      | Reached XP level 2. HP: 24/24 MP: 2/2
   404 | D:1      | Reached skill level 1 in Axes
   493 | D:1      | Reached XP level 3. HP: 29/29 MP: 3/3
  1513 | D:2      | Reached XP level 4. HP: 37/37 MP: 4/4
  2261 | D:3      | Killed from afar by an orc priest

Illustrated notes

Levels and vault maps discovered:
D:1:      dpeg_arrival_long_road, layout_basic, basic_ecumenical_altar
D:2:      layout_basic, guppyfry_early_lair_pool
D:3:      layout_basic

Skill      XL: |  1  2  3  4 |
---------------+-------------+-----
Axes           | 1 |  1.0
Maces & Flails | 3 |  3.7
Fighting       | 4 |  4.0
Armour         | |  3.2
Shields        | |  4.0

Action                     |  1- 3 |  4- 6 || total
---------------------------+-------+-------++-------
  Melee: Flail             |    95 |    42 ||   137
   Fire: Sling             |       |    13 ||    13
    Use: Scroll            |     1 |     2 ||     3
         Potion            |       |     1 ||     1
 Armour: Scale mail        |    36 |    21 ||    57
  Dodge: Dodged            |    33 |    21 ||    54
  Block: Buckler           |    15 |    15 ||    30

Table legend: (Time is in decaauts)
 A = Elapsed time spent in this place.
 B = Non-inter-level travel time spent in this place.
 C = Inter-level travel time spent in this place.
 D = Time resting spent in this place.
 E = Time spent auto-exploring this place.
 F = Levels seen in this place.
 G = Mean time per level.
                   A        B        C        D        E       F      G
               +--------+--------+--------+--------+--------+-----+--------+
         Total |   2303 |   2227 |     76 |    103 |   1485 |   3 |  767.7 |
       Dungeon |   2303 |   2227 |     76 |    103 |   1485 |   3 |  767.7 |
               +--------+--------+--------+--------+--------+-----+--------+

Top non-repeatable levels by time:
     D:2: 915 daAuts
     D:1: 875 daAuts
     D:3: 512 daAuts
